 Dungeon Crawl Stone Soup version 0.30.1-9-gdf580d7c3d (webtiles) character file.

Game seed: 16637092149779477305

48 Ivernyr the Shield-Bearer (level 4, -4/32 (37) HPs)
             Began as a Formicid Fighter on Oct 4, 2023.
             Slain by a gnoll
             ... wielding a +0 halberd
              (13 damage)
             ... on level 2 of the Dungeon.
             The game lasted 00:03:20 (1497 turns).

Ivernyr the Shield-Bearer (Formicid Fighter)        Turns: 1497, Time: 00:03:21

HP:   -4/32 (37)    AC:  7    Str: 23    XL:     4   Next: 0%
MP:   4/4           EV:  9    Int:  7    God:
Gold: 80            SH:  5    Dex: 13    Spells: 3/3 levels left

rFire   . . .        a - +0 quarterstaff
rCold   . . .        c - +0 buckler
rNeg    . . .        b - +0 scale mail
rPois   .            (helmet unavailable)
rElec   .            (no cloak)
rCorr   .            (no gloves)
SInv    +            (no boots)
Will    .....        (no amulet) Stlth
                     (no ring)
HPRegen 0.25/turn    (no ring)
MPRegen 0.09/turn

%: no passive effects
@: heavily drained
A: permanent stasis, dig shafts and tunnels, antennae 3, four strong arms
a: Dig, Shaft Self


You were on level 2 of the Dungeon.
You visited 1 branch of the dungeon, and saw 2 of its levels.

You collected 80 gold pieces.

Inventory:

Hand Weapons
 a - a +0 quarterstaff (weapon)
Armour
 b - a +0 scale mail (worn)
 c - a +0 buckler (worn)
Jewellery
 h - a ring of protection from fire
 n - a ring of resist corrosion
Scrolls
 f - a scroll of fog {unknown}
 g - 2 scrolls of vulnerability {unknown}
 j - a scroll of blinking {unknown}
 k - 2 scrolls of teleportation {unknown}
 o - a scroll of identify {unknown}
Potions
 d - a potion of might
 e - 3 potions of curing {unknown}
 i - a potion of attraction {unknown}
 l - a potion of ambrosia {unknown}
 m - a potion of lignification {unknown}


   Skills:
 + Level 3.7 Fighting
 * Level 2.9 Staves
 + Level 3.7 Armour
 + Level 4.4 Shields


You had 3 spell levels left.
You didn't know any spells.
Your spell library contained the following spells:

 Spells                   Type           Power      Damage    Failure   Level
 Poisonous Vapours        Pois/Air       0%         N/A       91%         2
 Mephitic Cloud           Conj/Pois/Air  0%         N/A       99%         3
 Freezing Cloud           Conj/Ice/Air   0%         6-21      100%        5


Dungeon Overview and Level Annotations

Branches:
Dungeon (2/15)

Altars:
Vehumet


Innate Abilities, Weirdness & Mutations

You cannot be hasted, slowed, berserked, paralysed or teleported.
You can dig through walls and to a lower floor.
You have a pair of large antennae on your head. (SInv)
Your four strong arms can wield two-handed weapons with a shield.


Message History

You open the door.
There is an open door here.
You open the door.
There is an open door here. 3 gnolls come into view.
The gnoll shouts! x3
The gnoll enters a dispersal trap!
The gnoll blinks! x2
The gnoll moves out of view.
There are monsters nearby!
You barely miss the gnoll.
The gnoll hits you from afar with a +0 spear.
The gnoll barely misses you.
The gnoll hits you from afar with a +0 spear.
The gnoll hits you from afar with a +0 halberd!
The gnoll hits you with a +0 club.
There is an open door here.
Okay, then.
The gnoll hits you from afar with a +0 halberd.
A gnoll comes into view. It is wielding a +0 club.
The gnoll shouts!
You extend your mandibles.
You dig through the rock wall.
You feel drained.
You dig through the rock wall.
You feel drained.
You dig through the rock wall.
You feel drained.
You retract your mandibles.
You barely miss the gnoll. The gnoll closely misses you.
You sock the gnoll!
The gnoll is heavily wounded.
The gnoll hits you with a +0 halberd!
You hit the gnoll.
The gnoll is severely wounded.
The gnoll closely misses you.
You barely miss the gnoll.
The gnoll is severely wounded.
The gnoll hits you with a +0 halberd!
* * * LOW HITPOINT WARNING * * *
You closely miss the gnoll.
The gnoll is severely wounded.
The gnoll hits you with a +0 halberd!
You die...

.....รท........g..............+
.....###g......###.###....#
....## #.#.##g## #.##.#..## {
...## #.####.# #.#.###..#####
..## #.# #g####..## ##.....#
'## #.# #.gg{{.#.###......# .#
#.# ####{####.#...._..### .#
#.# ##g# #>##.......# .## #.#
#@## #.##.....#.# ..######.#
### # ####(###.# .........#
#.#.... ...####### #.#.#.# ...#
#.####.#.#.# ...# #..........#
...# ############ ..## ..#


You could see a gnoll.

Vanquished Creatures
  An adder (D:2)
  2 dart slugs (D:1)
  3 endoplasms
  2 giant cockroaches
  2 goblins
  3 hobgoblins
  A kobold (D:2)
  2 quokkas
  6 ball pythons
  4 bats
  4 frilled lizards
  6 rats
36 creatures vanquished.

Notes
Turn   | Place    | Note
-------+----------+-------------------------------------------
     0 | D:1      | Ivernyr the Formicid Fighter began the quest for the Orb.
     0 | D:1      | Reached XP level 1. HP: 18/18 MP: 1/1
     1 | D:1      | Noticed an electric eel
   219 | D:1      | Reached XP level 2. HP: 24/24 MP: 2/2
   594 | D:1      | Found a faded altar of an unknown god.
   604 | D:1      | Reached XP level 3. HP: 27/29 MP: 3/3
  1050 | D:2      | Found a radiant altar of Vehumet.
  1345 | D:2      | Reached XP level 4. HP: 37/37 MP: 4/4
  1497 | D:2      | Slain by a gnoll

Illustrated notes

Levels and vault maps discovered:
D:1:      arrival_aquarium_a, layout_basic, shapermc_ecumenical_altar_notcrosses
D:2:      cheibrodos_old_hovel, layout_loops_corners, basic_altar

Action                     |  1- 3 |  4- 6 || total
---------------------------+-------+-------++-------
  Melee: Quarterstaff      |    89 |     6 ||    95
Ability: Dig               |       |     1 ||     1
 Armour: Scale mail        |    39 |       ||    39
  Dodge: Dodged            |    47 |     3 ||    50
  Block: Buckler           |    21 |       ||    21
